 Dungeon Crawl Stone Soup version 0.26-a0-1040-gbe3abf3417 (webtiles) character file.

Game seed: 3808612170864001322

92 Dracia the Slasher (level 4, -10/35 HPs)
             Began as a Demonspawn Monk on Dec 11, 2020.
             Mangled by an ogre
             ... wielding a +0 giant club
              (23 damage)
             ... on level 4 of the Dungeon.
             The game lasted 00:03:04 (2645 turns).

Dracia the Slasher (Demonspawn Monk)                Turns: 2645, Time: 00:03:04

Health: -10/35     AC:  5    Str: 11    XL:     4   Next: 35%
Magic:  4/4        EV: 11    Int: 12    God:
Gold:   159        SH:  4    Dex: 16    Spells: 3/3 levels left

rFire    . . .     SeeInvis .     - Unarmed
rCold    + . .     Faith    .   f - +0 buckler
rNeg     . . .     Spirit   .   l - +0 ring mail
rPois    .         Reflect  .   (no helmet)
rElec    .         Harm     .   (no cloak)
rCorr    .         Rampage  .   (no gloves)
Will     .....                  (no boots)
Stlth    +.........             (no amulet)
HPRegen  0.11/turn              (no ring)
MPRegen  0.09/turn              (no ring)

@: no status effects
A: claws 1, cold resistance 1
a: no special abilities


You were on level 4 of the Dungeon.
You visited 1 branch of the dungeon, and saw 4 of its levels.

You collected 159 gold pieces.


Innate Abilities, Weirdness & Mutations

You have sharp fingernails.
Your flesh is cold resistant. (rC+)


   Skills:
 - Level 3.0 Fighting
 - Level 3.7 Long Blades
 - Level 2.6 Dodging
 - Level 1.7 Stealth
 - Level 2.1 Shields
 + Level 1.2 Unarmed Combat


You had 3 spell levels left.
You didn't know any spells.
Your spell library was empty.

Inventory:

Hand Weapons
 a - a +0 falchion
Armour
 b - a +0 robe
 d - a +0 leather armour
 f - a +0 buckler (worn)
 l - a +0 ring mail (worn)
Jewellery
 v - an uncursed ring of see invisible
Scrolls
 e - a scroll of identify {unknown}
 h - a scroll of fear {unknown}
 i - 3 scrolls of amnesia {unknown}
 o - a scroll of immolation {unknown}
 p - a scroll of fog {unknown}
Potions
 c - a potion of invisibility {unknown}
 g - a potion of curing {@q1@q1}
 j - a potion of flight {unknown}
 k - a potion of attraction {unknown}
 m - a potion of lignification {unknown}
 n - 2 potions of cancellation {unknown}

Dungeon Overview and Level Annotations

Branches:
Dungeon (3/15)

Altars:
The Shining One

...# #.# #..#
#.# #..# #.#
#..# #.#
######..###.#
............##
........##...#
........##.#.#
##########..@#
###O# #.# #.#
..# ###


You could see an ogre.


Message History

You kill the ooze!
No target in view!
No target in view!
Found a glowing golden altar of the Shining One.
Found 7 gold pieces.
Found 16 bolts.
No target in view!
You fall into a shaft and drop 1 floor!
The shaft crumbles and collapses.
Found 12 stones.
An ogre comes into view. It is wielding a +0 giant club.
The ogre shouts!
An ogre is nearby!
An ogre is nearby!
You scratch the ogre.
The ogre is lightly wounded.
The ogre hits you with a +0 giant club!
You scratch the ogre.
The ogre is moderately wounded.
The ogre hits you with a +0 giant club.
* * * LOW HITPOINT WARNING * * *
You are too injured to fight recklessly!
You are too injured to fight recklessly!
You are too injured to fight recklessly!
Unknown command.
You scratch the ogre but do no damage.
The ogre is moderately wounded.
The ogre hits you with a +0 giant club!!
Ouch! That really hurt!
You die...

Skill      XL: |  1  2  3  4 |
---------------+-------------+-----
Long Blades    | 3 |  3.7
Shields        | 1 2 |  2.1
Unarmed Combat | 1 |  1.2
Fighting       | |  3.0
Dodging        | |  2.6
Stealth        | |  1.7

Action                   |  1- 3 |  4- 6 || total
-------------------------+-------+-------++-------
Melee: Falchion          |   123 |       ||   123
       Unarmed           |       |    80 ||    80
  Use: Potion            |     1 |       ||     1
 Stab: Sleeping          |     3 |     1 ||     4
Armor: Leather armour    |    14 |       ||    14
       Ring mail         |    41 |    35 ||    76
Dodge: Dodged            |    81 |    42 ||   123
Block: Buckler           |    34 |    15 ||    49
       Rpst.: Falchion   |    26 |       ||    26

Levels and vault maps discovered:
D:1:      minmay_arrival_split_and_join, layout_basic
D:2:      layout_basic, st_stairs_1
D:3:      minmay_wonky_spiral, layout_rooms, nicolae_overflow_crystal_walls
D:4:      layout_loops_ring, chequers_temple_overflow_minitemple,
          minmay_temple_entry_waves, serial_shops, shop_fountains, minmay_cupped

Notes
Turn   | Place    | Note
-------+----------+-------------------------------------------
     0 | D:1      | Dracia the Demonspawn Monk began the quest for the Orb.
     0 | D:1      | Reached XP level 1. HP: 18/18 MP: 1/1
   259 | D:1      | Reached skill level 3 in Long Blades
   259 | D:1      | Reached skill level 1 in Shields
   259 | D:1      | Gained mutation: Your flesh is cold resistant. (rC+)
                  | [demonic ancestry]
   259 | D:1      | Reached XP level 2. HP: 24/24 MP: 2/2
   804 | D:2      | Reached XP level 3. HP: 27/29 MP: 3/3
  1438 | D:2      | Reached skill level 2 in Shields
  1698 | D:2      | You feel monstrous as your demonic heritage exerts itself.
  1698 | D:2      | Gained mutation: You have sharp fingernails. [demonic
                  | ancestry]
  1698 | D:2      | Reached XP level 4. HP: 31/35 MP: 4/4
  2592 | D:3      | Reached skill level 1 in Unarmed Combat
  2623 | D:3      | Found a glowing golden altar of the Shining One.
  2634 | D:3      | You fall into a shaft and drop 1 floor!
  2639 | D:4      | Noticed an ogre
  2645 | D:4      | Mangled by an ogre

Vanquished Creatures
  A gnoll (D:1)
  2 adders (D:2)
  An ooze (D:3)
  2 worms (D:2)
  A dart slug (D:2)
  2 leopard geckos (D:2)
  An orc (D:3)
  A ball python (D:2)
  8 bats
  3 giant cockroaches
  7 goblins
  4 hobgoblins (D:2)
  4 jackals (D:2)
  3 frilled lizards
  9 rats
49 creatures vanquished.

Table legend: (Time is in decaauts)
 A = Elapsed time spent in this place.
 B = Non-inter-level travel time spent in this place.
 C = Inter-level travel time spent in this place.
 D = Time resting spent in this place.
 E = Time spent auto-exploring this place.
 F = Levels seen in this place.
 G = Mean time per level.
                   A        B        C        D        E       F      G
               +--------+--------+--------+--------+--------+-----+--------+
         Total |   2664 |   2513 |    151 |      0 |   2096 |   4 |  666.0 |
       Dungeon |   2664 |   2513 |    151 |      0 |   2096 |   4 |  666.0 |
               +--------+--------+--------+--------+--------+-----+--------+

Top non-repeatable levels by time:
     D:2: 1806 daAuts
     D:1: 787 daAuts
     D:3: 59 daAuts
     D:4: 10 daAuts

Table legend:
 A = Non-vault XP
 B = Vault XP
 C = Vault XP percentage of total XP
 D = Non-vault monster count
 E = Vault monster count
 F = Vault count percentage of total count
                 A         B        C        D         E       F
            +---------+---------+-------+---------+---------+-------
      Total |     125 |       7 |   5.3 |      47 |       2 |   4.1
            +---------+---------+-------+---------+---------+-------
        D:1 |      30 |       0 |   0.0 |      12 |       0 |   0.0
        D:2 |      79 |       7 |   8.1 |      29 |       2 |   6.5
        D:3 |      16 |       0 |   0.0 |       6 |       0 |   0.0
            +---------+---------+-------+---------+---------+-------
